 Dungeon Crawl Stone Soup version 0.29.1-1-gd02db6906a (webtiles) character file.

Game seed: 3386641723827388288

97 safid the Shooter (level 4, -1/38 HPs)
             Began as a Minotaur Hunter on Oct 6, 2022.
             Slain by a white imp (3 damage)
             ... summoned by Natasha
             ... on level 2 of the Dungeon.
             The game lasted 00:02:44 (1526 turns).

safid the Shooter (Minotaur Hunter)                 Turns: 1526, Time: 00:02:46

Health: -1/38      AC:  3    Str: 15    XL:     4   Next: 42%
Magic:  3/3        EV: 12    Int:  6    God:
Gold:   69         SH:  0    Dex: 16    Spells: 3/3 levels left

rFire   . . .      SeeInvis .   a - +0 shortbow
rCold   . . .      Faith    .   (shield currently unavailable)
rNeg    . . .      Spirit   .   c - +0 leather armour
rPois   .          Reflect  .   (helmet restricted)
rElec   .          Harm     .   (no cloak)
rCorr   .          Rampage  .   (no gloves)
Will    .....                   (no boots)
Stlth   +.........              (no amulet)
HPRegen 0.12/turn               (no ring)
MPRegen 0.08/turn               (no ring)

@: slowed, very slow
A: horns 2, retaliatory headbutt
a: no special abilities


You were on level 2 of the Dungeon.
You visited 1 branch of the dungeon, and saw 2 of its levels.

You collected 69 gold pieces.

Inventory:

Hand Weapons
 a - a +0 shortbow (weapon)
Armour
 c - a +0 leather armour (worn)
 j - the +2 leather armour "Bahuel" {Harm rElec rN+ Will-}
   (You took it off a hobgoblin on level 2 of the Dungeon)

   rElec:     It insulates you from electricity.
   rN:        It protects you from negative energy.
   Harm:      It increases damage dealt and taken.
   Will:      It decreases your willpower.
Scrolls
 b - 2 scrolls of immolation
 d - a scroll of identify {unknown}
 f - a scroll of teleportation {unknown}
 h - a scroll of fog {unknown}
 i - a scroll of torment {unknown}
 k - a scroll of blinking {unknown}
Potions
 e - a potion of mutation {unknown}
 g - a potion of haste {unknown}


   Skills:
 - Level 3.0 Fighting
 + Level 6.3 Ranged Weapons
 - Level 2.1 Dodging
 - Level 0.7 Stealth


You had 3 spell levels left.
You didn't know any spells.
Your spell library was empty.

Dungeon Overview and Level Annotations

Branches:
Dungeon (2/15)

Altars:

Shops:
D:1 [   D:2 [

Annotations:
D:2 Natasha


Innate Abilities, Weirdness & Mutations

You have a pair of horns on your head.
You reflexively headbutt those who attack you in melee.


Message History

The shadow imp disappears in a puff of smoke!
Natasha stares at you and mumbles some strange words.
You resist with some effort. The white imp gestures at you.
The puff of frost hits you!
Unknown command.
Fire: a) +0 shortbow
Press: ? - help, Q - select action Shift-Dir - straight line, f - white imp
Aim: a white imp (blue smoke, summoned, 64% to hit)
You shoot an arrow.
The arrow hits the white imp but does no damage.
The white imp grins evilly.
Natasha stares at you and mumbles some strange words.
You resist with some effort. The white imp completely misses you.
Fire: a) +0 shortbow
Press: ? - help, Q - select action Shift-Dir - straight line, f - Natasha, p - white imp
Aim: Natasha (almost dead, 58% to hit)
You shoot an arrow. The arrow hits Natasha.
Natasha is almost dead.
Natasha claws you. The white imp hits you.
* * * LOW HITPOINT WARNING * * *
The white imp freezes you.
* * * LOW HITPOINT WARNING * * *
The white imp closely misses you.
Natasha mumbles some strange words.
The white imp gestures at you. The puff of frost misses you.
The white imp puffs mist at you. The white imp closely misses you.
Fire: a) +0 shortbow
Press: ? - help, Q - select action Shift-Dir - straight line, f/p - Natasha
Aim: Natasha (almost dead, 58% to hit)
You shoot an arrow. The arrow closely misses Natasha.
Natasha claws you.
* * * LOW HITPOINT WARNING * * *
The white imp hits you but does no damage. x2
Natasha casts a spell at you.
You feel as though you will be slow longer.
The white imp puffs mist at you. The white imp hits you.
You die...

## .#########
......†..#
########.# #
#.###### ######
#### #......#
#.....# .....#
######.###.......
####..
#...@55.....
####5h......
.........
##........
#.....)..
#........
##....... .....†.


You could see Natasha, 2 white imps and a shadow imp (summoned).

Vanquished Creatures
  3 adders (D:2)
  A gnoll (D:1)
  2 worms (D:2)
  2 dart slugs
  An orc (D:2)
  5 ball pythons
  3 endoplasms
  A giant cockroach (D:1)
  2 goblins (D:1)
  4 hobgoblins
  6 jackals (D:1)
  7 kobolds
  A quokka (D:2)
  4 bats
  4 frilled lizards
  2 rats
48 creatures vanquished.

Vanquished Creatures (others)
  A plant (D:1)
1 creature vanquished.

Grand Total: 49 creatures vanquished

Notes
Turn   | Place    | Note
-------+----------+-------------------------------------------
     0 | D:1      | safid the Minotaur Hunter began the quest for the Orb.
     0 | D:1      | Reached XP level 1. HP: 18/18 MP: 0/0
    38 | D:1      | Reached XP level 2. HP: 26/26 MP: 1/1
   146 | D:1      | Reached skill level 5 in Ranged Weapons
   426 | D:1      | Reached XP level 3. HP: 31/31 MP: 2/2
   593 | D:1      | Found a faded altar of an unknown god.
   655 | D:1      | Found Noepohedonk's Antique Armour Shop.
  1366 | D:2      | Reached skill level 6 in Ranged Weapons
  1366 | D:2      | Reached XP level 4. HP: 38/38 MP: 3/3
  1398 | D:2      | Identified the +2 leather armour "Bahuel" {Harm rElec rN+
                  | Will-}
  1412 | D:2      | Found Ykeule Riva's Armour Emporium.
  1516 | D:2      | Noticed Natasha
  1526 | D:2      | Slain by a white imp

Illustrated notes

Levels and vault maps discovered:
D:1:      denvon_arrival_planthouse, layout_loops_ring, serial_shops,
          shop_fountains, basic_ecumenical_altar, minmay_pentomino_t4
D:2:      layout_rooms, serial_shops, shop, uniq_terence, uniq_natasha

Skill      XL: |  1  2  3 |
---------------+----------+-----
Fighting       | 3 |  3.0
Ranged Weapons | 5 6 |  6.3
Dodging        | |  2.1
Stealth        | |  0.7

Action                   |  1- 3 |  4- 6 || total
-------------------------+-------+-------++-------
 Fire: Shortbow          |   103 |    38 ||   141
Armor: Leather armour    |    16 |     2 ||    18
Dodge: Dodged            |    42 |     6 ||    48
